 Dungeon Crawl Stone Soup version 0.17-a0-1421-g95311d7 (console) character file.

55 panicbit the Shield-Bearer (level 3, -2/33 HPs)
             Began as a Minotaur Fighter on June 24, 2015.
             Slain by an ogre
             ... wielding a +0 giant club
              (5 damage)
             ... on level 5 of the Dungeon.
             The game lasted 00:07:20 (1956 turns).

panicbit the Shield-Bearer (Minotaur Fighter)       Turns: 1956, Time: 00:07:20

Health: -2/33      AC:  8    Str: 21    XL:     3   Next: 67%
Magic:  2/2        EV:  7    Int:  5    God:
Gold:   104        SH:  9    Dex:  9    Spells: 0 memorised, 2 levels left

rFire  . . .     SeeInvis .     a - +0 war axe
rCold  + . .     Clarity  .     b - +0 scale mail
rNeg   . . .     SustAt   .     c - +0 shield
rPois  .         Gourm    .     (helmet restricted)
rElec  .         Spirit   .     t - +0 cloak
rCorr  .         Warding  .     (no gloves)
rMut   .         Stasis   .     (no boots)
MR     .....                    (no amulet)
Stlth  ..........               (no ring)
                                p - ring of protection from cold

@: not resistant to hostile enchantments, extremely unstealthy
A: retaliatory headbutt, horns 2
a: no special abilities


You were on level 5 of the Dungeon.
You were not hungry.

You visited 1 branch of the dungeon, and saw 6 of its levels.

You collected 104 gold pieces.

Inventory:

Hand weapons
 a - a +0 war axe (weapon)
Armour
 b - a +0 scale mail (worn)
 c - a +0 shield (worn)
 t - a +0 cloak (worn)
Jewellery
 p - a ring of protection from cold (left hand)
Scrolls
 f - a scroll of blinking {unknown}
 g - 3 scrolls of teleportation {unknown}
 j - a scroll of immolation {unknown}
 m - 2 scrolls of enchant weapon {unknown}
 n - a scroll of identify {unknown}
 q - a scroll of remove curse {unknown}
 r - a scroll of recharging {unknown}
Potions
 d - a potion of might
 i - 2 potions of heal wounds {unknown}
 k - a potion of curing {unknown}
 l - 2 potions of ambrosia {unknown}
 o - a potion of resistance {unknown}
Comestibles
 e - 2 bread rations
 h - a meat ration
 s - a slice of pizza


   Skills:
 + Level 4.1 Fighting
 + Level 3.1 Axes
 + Level 4.2 Armour
 + Level 0.2 Dodging
 + Level 4.3 Shields


You had 2 spell levels left.
You didn't know any spells.

Dungeon Overview and Level Annotations

Branches:
Dungeon (6/15)
 Temple: D:4-7

Altars:
Fedhas

Annotations:
D:3 Natasha
D:4 B1inky's ghost, average OpFi


Innate Abilities, Weirdness & Mutations

You reflexively headbutt those who attack you in melee.
You have a pair of horns on your head.


Message History

A crimson imp comes into view.
Your shield prevents you from hitting the ogre.
The crimson imp shouts!
You block the ogre's attack.
The crimson imp moves out of view.
You hit the ogre. Your headbutt misses the ogre.
The ogre is lightly wounded.
The ogre hits you with a giant club!
You barely miss the ogre.
The ogre is lightly wounded.
The crimson imp blinks!
The ogre hits you with a giant club!!
Ouch! That really hurt!
* * * LOW HITPOINT WARNING * * *
There is a stone staircase leading down here.
You see here a bat corpse.
There is a stone staircase leading up here.
Found 10 stones.
You hit the ogre. Your headbutt misses the ogre.
The ogre is moderately wounded.
The ogre hits you with a giant club.
You die...

#. . .## ..#
##.# ##..##
##(...###
##...@...##
#....O....#
#.........##.
#............
##......###..
##....## .
##..## ##<##
###..# .


You could see an ogre.

Vanquished Creatures
  An adder (D:3)
  2 worms (D:2)
  An orc (D:3)
  2 giant cockroaches
  5 goblins
  4 hobgoblins
  A quokka (D:2)
  9 bats
  2 giant geckos
  2 giant newts
  3 kobolds
  9 rats
41 creatures vanquished.

Notes
Turn   | Place    | Note
--------------------------------------------------------------
     0 | D:1      | panicbit the Minotaur Fighter began the quest for the Orb.
     0 | D:1      | Reached XP level 1. HP: 19/19 MP: 0/0
   119 | D:1      | Reached XP level 2. HP: 20/27 MP: 1/1
   729 | D:2      | Reached skill level 4 in Shields
   942 | D:2      | Reached XP level 3. HP: 29/33 MP: 2/2
  1243 | D:2      | Found a blossoming altar of Fedhas.
  1593 | D:3      | Noticed Natasha
  1687 | D:4      | Noticed B1inky's ghost (average OpFi)
  1897 | D:5      | Entered Level 5 of the Dungeon
  1929 | D:5      | Noticed an ogre
  1936 | D:5      | HP: 1/33 [ogre/giant club (22)]
  1956 | D:5      | Slain by an ogre

Vault maps used:
D:1:      lemuel_arrival_hallway, serial_curves, eino_curves_04, eino_curves_04,
          minmay_misc_feat_four_crosses, kennysheep_decorative_pillar
D:2:      lemuel_upstairs_altar, lemuel_doored_altar, first_bread,
          minmay_door_square, st_stairs_12
D:3:      minmay_lizard_king, uniq_sigmund, uniq_natasha
D:4:      nicolae_tso_swordbearing_angel, lemuel_crystal_altar, okawaru_trees_2,
          uniq_menkaure
D:5:      lemuel_crystal_altar
D:6:      kiku_gazebo_pond_becter, minmay_temple_entry_glassed_door

Action                   || total
-------------------------++-------
Melee: War axe           ||   106
  Eat: Chunk             ||     3
